 Dungeon Crawl Stone Soup version 0.29-a0-243-g602b31c20e (webtiles) character file.

Game seed: 11717216567700802028

10864 sammy202020 the Fighter (level 11, -9/109 HPs)
             Began as a Gargoyle Fighter on Mar 5, 2022.
             Mangled by a boulder beetle (19 damage)
             ... on level 2 of the Lair of Beasts.
             The game lasted 00:23:13 (8581 turns).

sammy202020 the Fighter (Gargoyle Fighter)          Turns: 8581, Time: 00:23:13

Health: -9/109     AC: 23    Str: 20    XL:     11   Next: 68%
Magic:  20/20      EV: 11    Int: 11    God:
Gold:   494        SH:  6    Dex: 11    Spells: 10/10 levels left

rFire   + + .      SeeInvis +   a - +2 flail (venom)
rCold   + + .      Faith    .   c - +0 buckler
rNeg    + . .      Spirit   .   s - +7 Kryia's mail coat {PotionHeal*2 rC+}
rPois   ∞          Reflect  .   (no helmet)
rElec   +          Harm     .   i - scarf {rC+ rF+}
rCorr   .          Rampage  .   (no gloves)
Will    ++...                   (no boots)
Stlth   ..........              k - amulet of regeneration
HPRegen 1.88/turn               o - ring of willpower
MPRegen 0.17/turn               b - ring of the Growing Saviour {rF+ Will+ MP+9 Stlth+}

@: mighty, berserking, hasted, very quick
A: sickness immunity, AC +8, negative energy resistance 1, electricity
resistance, torment resistance 1, petrification resistance, see invisible,
regeneration 1
a: no special abilities


You were on level 2 of the Lair of Beasts.
You visited 2 branches of the dungeon, and saw 10 of its levels.

You collected 582 gold pieces.
You spent 88 gold pieces at shops.

Inventory:

Hand Weapons
 a - a +2 flail of venom (weapon)
 g - a +0 whip
Missiles
 q - 18 poisoned darts (quivered)
Armour
 c - a +0 buckler (worn)
 i - a scarf of resistance (worn)
 s - the +7 Kryia's mail coat (worn) {PotionHeal*2 rC+}
   (You found it on level 4 of the Dungeon)

   Potions are twice as effective at healing its wearer.
   rC:        It protects you from cold.
Jewellery
 b - the ring of the Growing Saviour (right hand) {rF+ Will+ MP+9 Stlth+}
   (You acquired it on level 4 of the Dungeon)

   [ring of protection from fire]

   rF:        It protects you from fire.
   MP:        It affects your magic capacity (+9).
   Will:      It increases your willpower.
   Stlth:     It makes you more stealthy.
 k - an amulet of regeneration (around neck)
 n - a ring of magical power
 o - a ring of willpower (left hand)
Wands
 y - a wand of mindburst (12)
 A - a wand of iceblast (5)
Scrolls
 e - 3 scrolls of magic mapping
 u - a scroll of teleportation
 v - 2 scrolls of identify
 x - a scroll of immolation
 z - a scroll of fog
Potions
 d - a potion of might
 f - 5 potions of curing
 h - 3 potions of haste
 l - a potion of mutation
 m - 2 potions of attraction
 p - a potion of resistance
 r - 2 potions of cancellation
 t - 5 potions of heal wounds {unknown}
 w - 2 potions of lignification {unknown}
Miscellaneous
 B - a box of beasts (inert)


   Skills:
 * Level 10.3 Fighting
 * Level 9.1 Maces & Flails
 * Level 10.2 Armour
 + Level 5.0 Dodging
 - Level 9.1 Shields


You had 10 spell levels left.
You didn't know any spells.
Your spell library contained the following spells:

 Spells                   Type           Power      Damage    Failure   Level
 Beastly Appendage        Tmut           0%         N/A       71%         1
 Sandblast                Erth           0%         2d4       71%         1
 Shock                    Conj/Air       0%         1d3       71%         1
 Corpse Rot               Necr/Air       0%         N/A       83%         2
 Ensorcelled Hibernation  Hex/Ice        0%         N/A       83%         2
 Passwall                 Tmut/Erth      0%         N/A       83%         2
 Poisonous Vapours        Pois/Air       0%         N/A       83%         2
 Static Discharge         Conj/Air       0%         N/A       83%         2
 Wereblood                Tmut           0%         N/A       83%         2
 Call Canine Familiar     Summ           0%         N/A       97%         3
 Inner Flame              Hex/Fire       0%         N/A       97%         3
 Portal Projectile        Hex/Tloc       0%         N/A       97%         3
 Spider Form              Tmut/Pois      0%         N/A       97%         3
 Stone Arrow              Conj/Erth      0%         3d7       97%         3
 Swiftness                Air            0%         N/A       97%         3
 Airstrike                Air            0%         N/A       100%        4
 Cause Fear               Hex            0%         N/A       100%        4
 Leda's Liquefaction      Hex/Erth       0%         N/A       100%        4
 Lightning Bolt           Conj/Air       0%         1d11      100%        5
 Discord                  Hex            0%         N/A       100%        8
 Maxwell's Capacitive Co  Air            0%         ∞         100%        8


Dungeon Overview and Level Annotations

Branches:
Dungeon (8/15)             Temple (0/1) D:4            Lair (2/6) D:8
  Swamp: Lair:2-4    Shoals: Lair:2-4     Snake: Lair:2-4    Spider: Lair:2-4

Altars:
Fedhas
Gozag
Hepliaklqana
Kikubaaqudgha
Makhleb
Okawaru
Qazlal

Shops:
D:4 !   D:6 :

Annotations:
D:5 3 runed translucent doors, spaghetti's ghost, novice OpFi
D:6 exclusion: oklob plant


Innate Abilities, Weirdness & Mutations

You are immune to sickness and miasma.
Your stone body is resilient. (AC +8)
You are immune to poison.
You resist negative energy. (rN+)
You are resistant to electric shocks. (rElec)
You are resistant to unholy torment.
You are immune to petrification.
You have supernaturally acute eyesight. (SInv)
Your natural rate of healing is unusually fast.


Message History

Found a stone staircase leading down.
There is an escape hatch in the ceiling here.
Found a dagger.
v - 2 scrolls of identify (gained 1)
A polar bear comes into view.
Found a sharpened lead wand.
The polar bear growls angrily.
A boulder beetle comes into view.
You see here a scroll of fear.
The boulder beetle leaps!
The boulder beetle curls into a ball and begins rolling!
You sock the polar bear!
The polar bear is poisoned.
The polar bear is moderately wounded.
The polar bear closely misses you. The polar bear completely misses you.
The polar bear claws you but does no damage.
The boulder beetle hits you!!
The boulder beetle stops rolling and uncurls.
You barely miss the polar bear.
The polar bear is moderately wounded.
The polar bear bites you! You block the polar bear's attack.
The polar bear claws you but does no damage.
The boulder beetle bites you!!
Sorry, you're not good enough to have a special ability.
You feel yourself speed up. The polar bear barely misses you.
The polar bear claws you but does no damage.
The polar bear claws you. The boulder beetle bites you!
* * * LOW HITPOINT WARNING * * *
You feel very mighty all of a sudden. The polar bear barely misses you. x2
The polar bear claws you but does no damage.
A red film seems to cover your vision as you go berserk!
You feel yourself moving faster!
You feel mighty! The boulder beetle bites you!
* * * LOW HITPOINT WARNING * * *
The polar bear bites you but does no damage.
The polar bear claws you but does no damage. x2
You hit the polar bear.
The polar bear looks as sick as possible!
The polar bear is moderately wounded.
The boulder beetle bites you!!
You die...

#.......#
P.####P.<##......
#.......##P....
...#.....##
#.......#...#. #.
#..#.P## #............#
...#...P #
#...........####......P.#
#...>...#.........
##.................
#.....##....#...#..
##.#.P.#....@.....#
#...##..<.?.hB......
##.............>....
#..P.........<..###
#...#P.......^...#
#...##.###.......#
#.#...P.# #....#!.#
##....... ##P.#../#
##.P..... .......


You could see a boulder beetle and a polar bear (extremely poisoned).

Vanquished Creatures
  A black mamba (Lair:1)
  An elephant (D:8)
  A torpor snail (Lair:1)
  A cane toad (Lair:1)
  Joseph (D:8)
  2 komodo dragons (Lair:1)
  Grinder (D:3)
  35 yaks
  A wyvern (D:8)
  A basilisk (D:8)
  A steam dragon (D:6)
  4 water moccasins
  2 ice beasts (D:7)
  An orc warrior (D:8)
  4 black bears
  A centaur (D:6)
  2 ogres (D:5)
  9 bullfrogs
  2 necrophages
  5 scorpions
  6 killer bees (D:8)
  A hound (D:6)
  4 jellies
  An orc priest (D:4)
  A gnoll shaman (D:8)
  3 iron imps (D:7)
  An iguana (D:6)
  Terence (D:2)
  3 orc wizards
  A gnoll (D:1)
  2 adders (D:3)
  3 white imps
  An ufetubus (D:5)
  5 dart slugs
  18 orcs
  9 ball pythons
  13 endoplasms
  4 giant cockroaches
  6 goblins
  8 hobgoblins
  8 jackals
  3 quokkas
  5 bats
  4 frilled lizards
  15 kobolds
  8 rats
210 creatures vanquished.

Vanquished Creatures (others)
  12 fungi
  11 plants
  8 toadstools (D:2)
31 creatures vanquished.

Grand Total: 241 creatures vanquished

Notes
Turn   | Place    | Note
-------+----------+-------------------------------------------
     0 | D:1      | sammy202020 the Gargoyle Fighter began the quest for the
                  | Orb.
     0 | D:1      | Reached XP level 1. HP: 14/14 MP: 1/1
   181 | D:1      | Reached XP level 2. HP: 19/19 MP: 2/2
   451 | D:1      | Reached XP level 3. HP: 23/23 MP: 3/3
   834 | D:2      | Noticed Terence
   852 | D:2      | Killed Terence
   853 | D:2      | Reached XP level 4. HP: 6/29 MP: 4/4
  2141 | D:2      | Reached XP level 5. HP: 28/33 MP: 5/5
  2605 | D:3      | Reached skill level 1 in Dodging
  2685 | D:3      | Noticed Grinder
  2700 | D:3      | Paralysed by Grinder for 5 turns
  2706 | D:3      | Paralysed by Grinder for 4 turns
  2715 | D:3      | Killed Grinder
  2716 | D:3      | Reached XP level 6. HP: 40/40 MP: 6/6
  3010 | D:4      | Reached XP level 7. HP: 44/44 MP: 7/7
  3015 | D:4      | Reached skill level 5 in Fighting
  3015 | D:4      | Reached skill level 5 in Shields
  3022 | D:4      | Reached skill level 5 in Armour
  3113 | D:4      | Found the +7 Kryia's mail coat {PotionHeal*2 rC+}
  3167 | D:4      | Found a staircase to the Ecumenical Temple.
  3408 | D:4      | Found Cuunt's Distillery.
  3436 | D:4      | Bought a potion of mutation for 88 gold pieces
  3436 | D:4      | Identified a scroll of acquirement
  3436 | D:4      | Acquired the ring of the Growing Saviour {rF+ Will+ MP+9
                  | Stlth+}
  3806 | D:5      | Entered Level 5 of the Dungeon
  3975 | D:5      | Reached XP level 8. HP: 50/50 MP: 8/8
  4232 | D:5      | Noticed a troll
  4232 | D:5      | Noticed spaghetti's ghost (novice OpFi)
  4242 | D:5      | Found a runed translucent gate.
  4242 | D:5      | Found a runed translucent gate.
  4242 | D:5      | Found a runed translucent gate.
  4860 | D:6      | Reached skill level 5 in Maces & Flails
  4955 | D:6      | Found a stormy altar of Qazlal.
  5101 | D:6      | Found Hoitsoedd's Book Emporium.
  5198 | D:6      | Found a blossoming altar of Fedhas.
  5211 | D:6      | Noticed an oklob plant
  5832 | D:7      | Found a burning altar of Makhleb.
  5860 | D:7      | Reached XP level 9. HP: 56/56 MP: 9/9
  5938 | D:7      | Found an iron altar of Okawaru.
  5954 | D:7      | Found an opulent altar of Gozag.
  5956 | D:7      | Found a hazy altar of Hepliaklqana.
  6385 | D:8      | Noticed an elephant
  6386 | D:8      | Found a staircase to the Lair.
  6419 | D:8      | Killed an elephant
  6559 | D:8      | Found an ancient bone altar of Kikubaaqudgha.
  6896 | D:8      | Noticed Joseph
  6925 | D:8      | Killed Joseph
  6926 | D:8      | Reached XP level 10. HP: 44/64 MP: 10/10
  7160 | Lair:1   | Entered Level 1 of the Lair of Beasts
  7160 | Lair:1   | Noticed a black mamba
  7177 | Lair:1   | Killed a black mamba
  7711 | Lair:1   | Noticed a cane toad
  7727 | Lair:1   | Killed a cane toad
  7785 | Lair:1   | Reached XP level 11. HP: 71/71 MP: 11/11
  8386 | Lair:1   | Gained mutation: You have supernaturally acute eyesight.
                  | (SInv) [potion of mutation]
  8386 | Lair:1   | Gained mutation: Your natural rate of healing is unusually
                  | fast. [potion of mutation]
  8433 | Lair:2   | Reached skill level 10 in Fighting
  8440 | Lair:2   | Reached skill level 10 in Armour
  8474 | Lair:2   | Reached skill level 5 in Dodging
  8572 | Lair:2   | Noticed a boulder beetle
  8581 | Lair:2   | Mangled by a boulder beetle

Illustrated notes

Levels and vault maps discovered:
D:1:      shiori_arrival_oz, layout_basic
D:2:      cheibrodos_fertilizer, layout_loops_ring,
          nicolae_elevator_lobby_asterisk, uniq_terence
D:3:      layout_basic, uniq_grinder
D:4:      layout_gridville, minmay_temple_entry_junction, serial_shops,
          shop_statue
D:5:      layout_basic, gammafunk_ghost_split
D:6:      layout_loops_ring, tgw_fedhas, lemuel_crystal_altar,
          lightli_ossuary_entry_decrepit_ruins, serial_shops,
          nicolae_shop_crystal
D:7:      layout_basic, kennysheep_mini_moat, demons_altar,
          mainiacjoe_overflow_catwalk_spiral
D:8:      layout_loops_ring, mainiacjoe_overflow_alcove_4, david_lair_generic,
          kennysheep_windowed_goal, uniq_joseph
Lair:1:   layout_cave_pods, grunt_megastairs_4
Lair:2:   layout_loops_ring

Skill      XL: |  1  2  3  4  5  6  7  8  9 10 11 |
---------------+----------------------------------+-----
Fighting       | 4 5 6 8 9 10 | 10.3
Shields        | 4 5 6 8 9 |  9.1
Armour         | 4 5 6 8 9 10 | 10.2
Maces & Flails | 3 4 5 6 7 9 |  9.1
Dodging        | 1 2 3 4 5 |  5.0

Action                   |  1- 3 |  4- 6 |  7- 9 | 10-12 || total
-------------------------+-------+-------+-------+-------++-------
Melee: Flail             |   118 |   143 |   345 |   309 ||   915
Throw: Dart              |       |       |    26 |       ||    26
Evoke: Box of beasts     |       |       |       |     1 ||     1
  Use: Scroll            |       |     4 |    13 |     3 ||    20
       Potion            |       |       |     1 |     4 ||     5
Armor: Scale mail        |    59 |       |   167 |   160 ||   386
       Chain mail        |       |    88 |    11 |       ||    99
Dodge: Dodged            |    75 |    52 |   135 |   136 ||   398
Block: Buckler           |    31 |    32 |    76 |    90 ||   229

Table legend: (Time is in decaauts)
 A = Elapsed time spent in this place.
 B = Non-inter-level travel time spent in this place.
 C = Inter-level travel time spent in this place.
 D = Time resting spent in this place.
 E = Time spent auto-exploring this place.
 F = Levels seen in this place.
 G = Mean time per level.
                   A        B        C        D        E       F      G
               +--------+--------+--------+--------+--------+-----+--------+
         Total |   8741 |   8326 |    415 |    543 |   5470 |  10 |  874.1 |
       Dungeon |   7304 |   6889 |    415 |    431 |   4681 |   8 |  913.0 |
          Lair |   1436 |   1436 |      0 |    112 |    789 |   2 |  718.0 |
               +--------+--------+--------+--------+--------+-----+--------+

Top non-repeatable levels by time:
     D:2: 1708 daAuts
  Lair:1: 1269 daAuts
     D:6: 989 daAuts
     D:5: 887 daAuts
     D:4: 836 daAuts
     D:1: 834 daAuts
     D:8: 817 daAuts
     D:7: 714 daAuts
     D:3: 517 daAuts
  Lair:2: 166 daAuts
